| TOP OF THE 1ST |
|
Chester Pirates batting - Pitching for Hamilton Cardinals : RHP Nick Peters
|
|
Pitching: RHP Nick Peters
|
|
|
Batting: RHB Terrence Wilson
|
0-0: Ball 1-0: Ground out 5-3 (Groundball, 5S, EV 73.1 MPH)
|
|
Batting: RHB Tim Moore
|
0-0: Fly out, F8 (Flyball, 8LD, EV 80.6 MPH)
|
|
Batting: LHB Carlos Vega
|
0-0: Ball 1-0: Ball 2-0: Called Strike 2-1: Foul Ball, location: 2F 2-2: Ground out 5-3 (Groundball, 56S, EV 62.5 MPH)
|
| Top of the 1st over - 0 runs, 0 hits, 0 errors, 0 left on base; Chester 0 - Hamilton 0 |
| BOTTOM OF THE 1ST |
|
Hamilton Cardinals batting - Pitching for Chester Pirates : RHP Hitoshi Yoshihara
|
|
Pitching: RHP Hitoshi Yoshihara
|
|
|
Batting: RHB Fekadu Alhaadi
|
0-0: Ball 1-0: Reached on error, E1 (Groundball, 15S, EV 69.4 MPH)
|
|
Batting: LHB Jorge Zarazua
|
0-0: Ball 1-0: Called Strike 1-1: Foul Ball, location: 2F 1-2: Strikes out looking
|
|
Batting: RHB Joe Alley
|
0-0: Ball 1-0: 2-RUN HOME RUN (Flyball, 78XD, EV 102.5 MPH), Distance : 397 ft
|
|
Batting: LHB Travis Ruppel
|
0-0: Called Strike 0-1: Swinging Strike 0-2: Ball 1-2: Ball 2-2: Foul Ball, location: 2F 2-2: Strikes out swinging
|
|
Batting: RHB Richard Riggs
|
0-0: Ball 1-0: Reached on error, E7 (Flyball, 7LM, EV 81.9 MPH)
|
|
Batting: RHB Kyle Burns
|
0-0: Foul Ball, location: 2F 0-1: Ball 1-1: Ball 2-1: Foul Ball, location: 2F 2-2: Fly out, F9 (Line Drive, 9, EV 90.0 MPH)
|
| Bottom of the 1st over - 2 runs, 1 hit, 2 errors, 1 left on base; Chester 0 - Hamilton 2 |
| TOP OF THE 2ND |
|
Chester Pirates batting - Pitching for Hamilton Cardinals : RHP Nick Peters
|
|
Batting: RHB Jeff Edwards
|
0-0: Ball 1-0: Called Strike 1-1: Called Strike 1-2: Strikes out swinging
|
|
Batting: RHB Brandon White
|
0-0: Foul Ball, location: 2F 0-1: Foul Ball, location: 2F 0-2: Strikes out looking
|
|
Batting: LHB Dustin Herman
|
0-0: Called Strike 0-1: Ball 1-1: Swinging Strike 1-2: Strikes out swinging
|
| Top of the 2nd over - 0 runs, 0 hits, 0 errors, 0 left on base; Chester 0 - Hamilton 2 |
| BOTTOM OF THE 2ND |
|
Hamilton Cardinals batting - Pitching for Chester Pirates : RHP Hitoshi Yoshihara
|
|
Batting: RHB Tim Williams
|
0-0: Fly out, F8 (Flyball, 8LXD, EV 86.9 MPH)
|
|
Batting: RHB Nick Latulippe
|
0-0: Ball 1-0: Foul Ball, location: 2F 1-1: Ball 2-1: Ball 3-1: Swinging Strike 3-2: Fly out, F8 (Line Drive, 8RD, EV 105.6 MPH)
|
|
Batting: RHB Edgar Klockow
|
0-0: Called Strike 0-1: Foul Ball, location: 2F 0-2: Foul Ball, location: 2F 0-2: Foul Ball, location: 2F 0-2: Foul Ball, location: 2F 0-2: Foul Ball, location: 2F 0-2: Ball 1-2: Strikes out swinging
|
| Bottom of the 2nd over - 0 runs, 0 hits, 0 errors, 0 left on base; Chester 0 - Hamilton 2 |
| TOP OF THE 3RD |
|
Chester Pirates batting - Pitching for Hamilton Cardinals : RHP Nick Peters
|
|
Batting: RHB Frank Elizondo
|
0-0: Ball 1-0: Called Strike 1-1: Swinging Strike 1-2: Strikes out swinging
|
|
Batting: RHB Erik Mulligan
|
0-0: Ground out 6-3 (Groundball, 6, EV 107.5 MPH)
|
|
Batting: LHB Chad Cutler
|
0-0: Ball 1-0: Foul Ball, location: 2F 1-1: Foul Ball, location: 2F 1-2: Ball 2-2: Fly out, F9 (Line Drive, 9, EV 91.9 MPH)
|
| Top of the 3rd over - 0 runs, 0 hits, 0 errors, 0 left on base; Chester 0 - Hamilton 2 |
| BOTTOM OF THE 3RD |
|
Hamilton Cardinals batting - Pitching for Chester Pirates : RHP Hitoshi Yoshihara
|
|
Batting: RHB Fekadu Alhaadi
|
0-0: Called Strike 0-1: Ball 1-1: Ball 2-1: Swinging Strike 2-2: Ground out 4-3 (Groundball, 4, EV 81.2 MPH)
|
|
Batting: LHB Jorge Zarazua
|
0-0: Called Strike 0-1: SINGLE (Line Drive, 9LS, EV 98.1 MPH)
|
|
Batting: RHB Joe Alley
|
0-0: Called Strike 0-1: Ball 1-1: Swinging Strike 1-2: Strikes out looking
|
|
Batting: LHB Travis Ruppel
|
0-0: Foul Ball, location: 2F 0-1: Fielders Choice at 2nd, 5-4 (Groundball, 5, EV 100.6 MPH)
|
| Bottom of the 3rd over - 0 runs, 1 hit, 0 errors, 1 left on base; Chester 0 - Hamilton 2 |
| TOP OF THE 4TH |
|
Chester Pirates batting - Pitching for Hamilton Cardinals : RHP Nick Peters
|
|
Batting: RHB Terrence Wilson
|
0-0: Called Strike 0-1: Ball 1-1: Ball 2-1: Foul Ball, location: 2F 2-2: Ball 3-2: Ground out 6-3 (Groundball, 6, EV 81.2 MPH)
|
|
Batting: RHB Tim Moore
|
0-0: Ball 1-0: Foul Ball, location: 2F 1-1: Ball 2-1: Swinging Strike 2-2: Ball 3-2: Base on Balls
|
|
Batting: LHB Carlos Vega
|
0-0: Called Strike 0-1: Ball 1-1: Ball 2-1: Foul Ball, location: 2F 2-2: SINGLE (Groundball, 6D, EV 101.9 MPH) Tim Moore to second
|
|
Batting: RHB Jeff Edwards
|
0-0: Foul Ball, location: 2F 0-1: SINGLE (Groundball, 56S, EV 73.8 MPH) (infield hit) Tim Moore to third Carlos Vega to second
|
|
Batting: RHB Brandon White
|
0-0: Fly out, F9 (Line Drive, 9S, EV 95.0 MPH)
|
|
Batting: LHB Dustin Herman
|
0-0: Called Strike 0-1: Swinging Strike 0-2: Foul Ball, location: 2F 0-2: Foul Ball, location: 2F 0-2: Ball 1-2: Foul Ball, location: 2F 1-2: Strikes out swinging
|
| Top of the 4th over - 0 runs, 2 hits, 0 errors, 3 left on base; Chester 0 - Hamilton 2 |
| BOTTOM OF THE 4TH |
|
Hamilton Cardinals batting - Pitching for Chester Pirates : RHP Hitoshi Yoshihara
|
|
Batting: RHB Richard Riggs
|
0-0: SINGLE (Line Drive, 8RS, EV 94.4 MPH)
|
|
Batting: RHB Kyle Burns
|
0-0: Swinging Strike 0-1: Foul Ball, location: 2F 0-2: Ball 1-2: Ball 2-2: Fly out, F9 (Flyball, 9LM, EV 91.9 MPH)
|
|
Batting: RHB Tim Williams
|
0-0: Foul Ball, location: 2F 0-1: Fly out, F8 (Flyball, 89D, EV 108.1 MPH)
|
|
Batting: RHB Nick Latulippe
|
0-0: Ball 1-0: Called Strike 1-1: Ball 2-1: Foul Ball, location: 2F 2-2: Foul Ball, location: 2F 2-2: Fielders Choice at 2nd, 6-4 (Groundball, 6, EV 80.6 MPH)
|
| Bottom of the 4th over - 0 runs, 1 hit, 0 errors, 1 left on base; Chester 0 - Hamilton 2 |
| TOP OF THE 5TH |
|
Chester Pirates batting - Pitching for Hamilton Cardinals : RHP Nick Peters
|
|
Batting: RHB Frank Elizondo
|
0-0: Called Strike 0-1: Swinging Strike 0-2: Strikes out swinging
|
|
Batting: RHB Erik Mulligan
|
0-0: Called Strike 0-1: Foul Ball, location: 2F 0-2: Ball 1-2: Strikes out looking
|
|
Batting: LHB Chad Cutler
|
0-0: Ball 1-0: Called Strike 1-1: Swinging Strike 1-2: Strikes out swinging
|
| Top of the 5th over - 0 runs, 0 hits, 0 errors, 0 left on base; Chester 0 - Hamilton 2 |
| BOTTOM OF THE 5TH |
|
Hamilton Cardinals batting - Pitching for Chester Pirates : RHP Hitoshi Yoshihara
|
|
Batting: RHB Edgar Klockow
|
0-0: Swinging Strike 0-1: Swinging Strike 0-2: Ball 1-2: Ball 2-2: Strikes out looking
|
|
Batting: RHB Fekadu Alhaadi
|
0-0: Ball 1-0: Ball 2-0: Called Strike 2-1: Ground out 1-3 (Groundball, 34S, EV 72.5 MPH)
|
|
Batting: LHB Jorge Zarazua
|
0-0: Ball 1-0: SINGLE (Groundball, 34S, EV 68.1 MPH) (infield hit)
|
|
Batting: RHB Joe Alley
|
0-0: Ball 1-0: Ball 2-0: 2-RUN HOME RUN (Flyball, 9LD, EV 95.6 MPH), Distance : 354 ft
|
|
Batting: LHB Travis Ruppel
|
0-0: Ball 1-0: Ball 2-0: Ball 3-0: Called Strike 3-1: Ground out 6-3 (Groundball, 6M, EV 91.2 MPH)
|
| Bottom of the 5th over - 2 runs, 2 hits, 0 errors, 0 left on base; Chester 0 - Hamilton 4 |
| TOP OF THE 6TH |
|
Chester Pirates batting - Pitching for Hamilton Cardinals : RHP Nick Peters
|
|
Batting: RHB Terrence Wilson
|
0-0: Ball 1-0: Ball 2-0: Called Strike 2-1: Swinging Strike 2-2: Strikes out swinging
|
|
Batting: RHB Tim Moore
|
0-0: Called Strike 0-1: Ball 1-1: Ball 2-1: Foul Ball, location: 2F 2-2: Foul Ball, location: 2F 2-2: SINGLE (Line Drive, 8RS, EV 96.2 MPH)
|
|
Batting: LHB Carlos Vega
|
0-0: Swinging Strike 0-1: Ball 1-1: Ball 2-1: Swinging Strike 2-2: Foul Ball, location: 2F 2-2: Strikes out swinging
|
|
Batting: RHB Jeff Edwards
|
0-0: Called Strike 0-1: Called Strike 0-2: Strikes out swinging
|
| Top of the 6th over - 0 runs, 1 hit, 0 errors, 1 left on base; Chester 0 - Hamilton 4 |
| BOTTOM OF THE 6TH |
|
Hamilton Cardinals batting - Pitching for Chester Pirates : RHP Hitoshi Yoshihara
|
|
Batting: RHB Richard Riggs
|
0-0: Called Strike 0-1: Ball 1-1: Ball 2-1: Called Strike 2-2: Ball 3-2: Fly out, F7 (Line Drive, 7, EV 95.0 MPH)
|
|
Batting: RHB Kyle Burns
|
0-0: Ball 1-0: Swinging Strike 1-1: Foul Ball, location: 2F 1-2: Ball 2-2: Fly out, F7 (Line Drive, 7, EV 98.8 MPH)
|
|
Batting: RHB Tim Williams
|
0-0: Ball 1-0: Foul Ball, location: 2F 1-1: Ball 2-1: Swinging Strike 2-2: Strikes out looking
|
| Bottom of the 6th over - 0 runs, 0 hits, 0 errors, 0 left on base; Chester 0 - Hamilton 4 |
| TOP OF THE 7TH |
|
Chester Pirates batting - Pitching for Hamilton Cardinals : RHP Nick Peters
|
|
Batting: RHB Brandon White
|
0-0: SINGLE (Flyball, 7LS, EV 94.4 MPH)
|
|
Batting: LHB Dustin Herman
|
0-0: Ball 1-0: Swinging Strike 1-1: Swinging Strike 1-2: Strikes out looking
|
|
Batting: RHB Frank Elizondo
|
0-0: Called Strike 0-1: Ball 1-1: Swinging Strike 1-2: Strikes out swinging
|
|
Batting: RHB Erik Mulligan
|
0-0: Ball 1-0: Called Strike 1-1: Fly out, F9 (Flyball, 89S, EV 81.2 MPH)
|
| Top of the 7th over - 0 runs, 1 hit, 0 errors, 1 left on base; Chester 0 - Hamilton 4 |
| BOTTOM OF THE 7TH |
|
Hamilton Cardinals batting - Pitching for Chester Pirates : RHP Hitoshi Yoshihara
|
|
Batting: RHB Nick Latulippe
|
0-0: Ball 1-0: SINGLE (Groundball, 56D, EV 107.5 MPH)
|
|
Batting: RHB Edgar Klockow
|
0-0: Called Strike 0-1: Fly out, F8 (Line Drive, 8LM, EV 104.4 MPH)
|
|
Batting: RHB Fekadu Alhaadi
|
0-0: Called Strike Nick Latulippe steals 2nd base 0-1: Foul Ball, location: 2F 0-2: Ball 1-2: Ball 2-2: Ground out U3 (Groundball, 3, EV 86.2 MPH) Nick Latulippe to third
|
|
Pitching: LHP Juan Villegas
|
|
|
Batting: LHB Jorge Zarazua
|
0-0: Called Strike 0-1: Ball 1-1: Ball 2-1: Foul Ball, location: 2F 2-2: Ground out 6-3 (Groundball, 6, EV 87.5 MPH)
|
| Bottom of the 7th over - 0 runs, 1 hit, 0 errors, 1 left on base; Chester 0 - Hamilton 4 |
| TOP OF THE 8TH |
|
Chester Pirates batting - Pitching for Hamilton Cardinals : RHP Nick Peters
|
|
Batting: LHB Chad Cutler
|
0-0: Called Strike 0-1: SINGLE (Groundball, 5D, EV 105.0 MPH)
|
|
Batting: RHB Terrence Wilson
|
0-0: Ball 1-0: Called Strike 1-1: Ball 2-1: Foul Ball, location: 2F 2-2: DOUBLE (Line Drive, 3D, EV 106.2 MPH) Chad Cutler to third
|
|
Batting: RHB Tim Moore
|
0-0: Swinging Strike 0-1: Ball 1-1: Ball 2-1: Ball 3-1: Reached on error, E5 (Groundball, 56, EV 80.0 MPH) Chad Cutler scores Terrence Wilson to third
|
|
Pitching: RHP Pabiyan Vetlitsky
|
|
|
Batting: LHB Carlos Vega
|
0-0: Ball 1-0: Ball 2-0: Ball Wild Pitch! Terrence Wilson scores Tim Moore to second 3-0: Called Strike 3-1: Base on Balls
|
|
Batting: RHB Jeff Edwards
|
0-0: Ball 1-0: Ball 2-0: Foul Ball, location: 2F 2-1: Fly out, F1 (Popup, P, EV 79.4 MPH)
|
|
Batting: RHB Brandon White
|
0-0: Called Strike 0-1: Foul Ball, location: 2F 0-2: Foul Ball, location: 2F 0-2: Ball 1-2: Ball 2-2: Ball 3-2: Foul Ball, location: 2F 3-2: Fly out, F7 (Flyball, 78M, EV 88.1 MPH)
|
|
Batting: LHB Dustin Herman
|
0-0: Ball 1-0: Called Strike 1-1: Ground out 4-3 (Groundball, 4M, EV 98.8 MPH)
|
| Top of the 8th over - 2 runs, 2 hits, 1 error, 2 left on base; Chester 2 - Hamilton 4 |
| BOTTOM OF THE 8TH |
|
Hamilton Cardinals batting - Pitching for Chester Pirates : LHP Juan Villegas
|
|
Batting: RHB Joe Alley
|
0-0: Ball 1-0: Called Strike 1-1: Ball 2-1: Ball 3-1: Base on Balls
|
|
Batting: LHB Travis Ruppel
|
0-0: Swinging Strike 0-1: Ball 1-1: Foul Ball, location: 2F 1-2: Foul Ball, location: 2F 1-2: Strikes out swinging
|
|
Batting: RHB Richard Riggs
|
0-0: Grounds into double play, 5-4-3 (Groundball, 56, EV 101.2 MPH)
|
| Bottom of the 8th over - 0 runs, 0 hits, 0 errors, 0 left on base; Chester 2 - Hamilton 4 |
| TOP OF THE 9TH |
|
Chester Pirates batting - Pitching for Hamilton Cardinals : RHP Pabiyan Vetlitsky
|
|
Pitching: RHP Mike Pemble
|
|
|
Now at 2B: Bernard Claude
|
|
|
Now at SS: Richard Riggs
|
|
|
Now in LF: Ivan Cortez
|
|
|
Batting: RHB Frank Elizondo
|
0-0: Foul Ball, location: 2F 0-1: Ball 1-1: Foul Ball, location: 2F 1-2: Ball 2-2: Foul Ball, location: 2F 2-2: Ball 3-2: Ground out 3-1 (Groundball, 13, EV 85.0 MPH)
|
|
Pinch Hitting: RHB Zach Chmieleski
|
0-0: Ball 1-0: Foul Ball, location: 2F 1-1: Called Strike 1-2: Ball 2-2: Ball 3-2: Foul Ball, location: 2F 3-2: Base on Balls
|
|
Batting: LHB Chad Cutler
|
0-0: Called Strike 0-1: Ball 1-1: Ball 2-1: Ball 3-1: Foul Ball, location: 2F 3-2: Strikes out swinging
|
|
Batting: RHB Terrence Wilson
|
0-0: Ball 1-0: Swinging Strike 1-1: Swinging Strike 1-2: Foul Ball, location: 2F 1-2: Strikes out swinging
|
| Top of the 9th over - 0 runs, 0 hits, 0 errors, 1 left on base; Chester 2 - Hamilton 4 |
|